Islanders vs Marlies

Created - 7 octobre 2023 at 09:56

Goals
1 2 3 T
Islanders 0 0 2 2
Marlies 0 2 2 4
Shots
1 2 3 T
Islanders 0 4 9 13
Marlies 11 12 19 42

GoalsPenalties
1st period
No Goal
Ryan Schmelzer (NYI) for Hooking (Minor) at 19:17
2nd period
1. Marlies , Jaydon Dureau 1 (Andy Welinski 2, Kyle Criscuolo 2) at 4:15
2. Marlies , Alec Regula 1 (Brett Sutter 4, Filip Cederqvist 7) at 5:15
Alec Regula (TOR) for Fighting (Major) at 6:41
Libor Hajek (NYI) for Fighting (Major) at 6:41
Alec Regula (TOR) for instigated a fight (Minor) at 6:41
Alec Regula (TOR) for instigated a fight (10 Minutes Misconduct) at 6:41
Kyle Criscuolo (TOR) for Hooking (Minor) at 11:50
Brett Sutter (TOR) for Holding (Minor) at 16:14
3rd period
3. Marlies , Kyle Criscuolo 3 (Nikita Alexandrov 11, Saku Maenalanen 9) at 2:49
4. Marlies , Ryan Merkley 1 (Dominic Toninato 7, Andy Welinski 3) at 8:44
5. Islanders , Cole Cassels 1 (Steven Fogarty 10) at 9:22
6. Islanders , Seth Helgeson 2 (Tyler Madden 2, Jakub Galvas 4) at 13:35
Brett Seney (TOR) for Fighting (Major) at 0:11
Steven Fogarty (NYI) for Fighting (Major) at 0:11
Lassi Thomson (TOR) for Hooking (Minor) at 6:34
Steven Fogarty (NYI) for Hooking (Minor) at 14:19
Brad Richardson (TOR) for High sticking (Double Minor) at 18:56
Goalie Stats
Hugo Alnefelt (NYI), 38 saves from 42 shots - (0,905), L, 4-10-2, 60:00 minutes
Jiri Patera (TOR), 11 saves from 13 shots - (0,846), W, 4-3-2, 60:00 minutes
3 StarsOfficial
1 - Kyle Criscuolo (TOR)
2 - Jaydon Dureau (TOR)
3 - Andy Welinski (TOR)
Referees : Chris Lee and Elizabeth Mantha
Linesman : Bevan Mills and Matt MacPherson
Game Note
5:15 of 2nd period - Marlies goal is going for a video replay. After video review, Goal.
Libor Hajek beats up Alec Regula at 6:41 of 2nd period
Brett Seney beats up Steven Fogarty at 0:11 of 3rd period



Team Name Goals Shots Shots Attemp Shots Blocked PIM HIT PP PK FO%
Islanders 213261414140 / 6 (0%)037%
Marlies 44272532260 / 2 (0%)063%

Islanders
Player Name POS G A P +/- PIM HIT SHT SB MP PP MP PP SHT PK MP PK SHT FO% FOT GA TA
Alexander NylanderC/LW/RW000-1011023:234:5100:00039% 3100
Brent Gates Jr.C0000020017:103:1801:0800% 301
Cedric LacroixLW000001005:302:5800:4500% 000
Cole CasselsC1010021118:331:3800:07033% 300
David FarranceD0000001224:500:3801:1300% 013
Jack DoughertyD000-2001115:243:0701:1300% 000
Jackson CatesC000000000:330:0000:0000% 100
Jakub GalvasD0110000213:290:0000:0000% 000
Jordy BelleriveC000-3001115:240:1300:0000% 101
Libor HajekD0000500014:411:5200:0000% 000
Matt CoronatoRW0000012125:595:0912:43013% 820
Mitchell Vande SompelD000-1000226:216:2902:4500% 000
Ryan SchmelzerC000-1220210:350:0000:000100% 100
Seth BartonD000000001:030:0000:0000% 000
Seth HelgesonD101-1003025:516:1112:4500% 000
Steven FogartyC/RW0110732224:494:4611:28083% 620
Taro HiroseLW0001010020:213:4501:4500% 011
Tyler MaddenC011-2011012:020:0000:0000% 001
Marlies
Player Name POS G A P +/- PIM HIT SHT SB MP PP MP PP SHT PK MP PK SHT FO% FOT GA TA
Alec RegulaD10101712213:591:0301:2600% 000
Andy WelinskiD0221001219:460:0003:2500% 010
Brad RichardsonC0000410014:280:0004:05092% 1200
Brett SeneyC/LW0000513014:170:0001:4900% 011
Brett SutterLW0110212011:000:0000:0000% 000
Dillon HeatheringtonD0000032020:081:0304:3200% 002
Dominic ToninatoC/LW011-1030018:141:1803:25058% 1910
Filip CederqvistLW/RW0110025012:281:1800:0000% 100
Greg McKeggC/LW000-1012019:131:1805:0100% 100
Jaydon DureauLW101300309:370:0000:0000% 000
Jonah GadjovichLW/RW000-1034016:542:4010:0500% 022
Kyle CriscuoloC112322309:410:0000:000100% 100
Lassi ThomsonD0001233024:172:5513:3700% 000
Nikita AlexandrovC0110024015:372:4010:00056% 1800
Ronnie AttardD0001015025:212:5524:5800% 020
Ryan MerkleyD1011002116:190:0000:0000% 000
Saku MaenalanenLW/RW0110011019:592:4003:33050% 200
Ville KoivunenRW000301009:370:0000:0000% 001

Islanders

5 vs 5 Forward
Line #Left WingCenterRight WingPHYDFOFWanted %Time %Time Play
1Matt CoronatoAlexander NylanderSteven Fogarty1224025%11:41
2Cole CasselsSteven FogartyTaro Hirose1223033%15:20
3Ryan SchmelzerSteven FogartyMatt Coronato1222017%7:52
4Tyler MaddenSteven FogartyJordy Bellerive1221026%12:10
5 vs 5 Defense
Line #DefenseDefensePHYDFOFWanted %Time %Time Play
1David FarranceMitchell Vande Sompel1224036%16:49
2David FarranceLibor Hajek1223028%13:01
3Seth HelgesonJakub Galvas1222025%11:35
4Seth HelgesonJack Dougherty1221012%5:38
Power Play Forward
Line #Left WingCenterRight WingPHYDFOFWanted %Time %Time Play
1Matt CoronatoAlexander NylanderSteven Fogarty1226068%6:08
2Matt CoronatoTaro HiroseSteven Fogarty1224032%2:51
Power Play Defense
Line #DefenseDefensePHYDFOFWanted %Time %Time Play
1Seth HelgesonMitchell Vande Sompel12260100%8:59
2Mitchell Vande SompelSeth Helgeson122400%0:00
Penalty Kill 4 Players Forward
Line #CenterWingPHYDFOFWanted %Time %Time Play
1Matt CoronatoSteven Fogarty12260100%3:58
2Steven FogartyMatt Coronato122400%0:00
Penalty Kill 4 Players Defense
Line #DefenseDefensePHYDFOFWanted %Time %Time Play
1Seth HelgesonMitchell Vande Sompel1226069%2:45
2David FarranceJack Dougherty1224031%1:13
Penalty Kill 3 Players
Line #WingPHYDFOFWanted %Time %Time PlayDefenseDefensePHYDFOFWanted %Time %Time Play
1Steven Fogarty122600%0:00 Seth HelgesonMitchell Vande Sompel122600%0:00
2Steven Fogarty122400%0:00 Jakub GalvasSeth Helgeson122400%0:00
4 vs 4 Forward
Line #CenterWingPHYDFOFWanted %Time %Time Play
1Matt CoronatoSteven Fogarty122600%0:00
2Steven FogartyMatt Coronato122400%0:00
4 vs 4 Defense
Line #DefensePHYDFOFWanted %Time %Time Play
1Mitchell Vande SompelSeth Helgeson122600%0:00
2Libor HajekSeth Helgeson122400%0:00
Last Minutes Offensive
Left WingCenterRight WingDefenseDefense
Matt CoronatoAlexander NylanderSteven FogartySeth HelgesonMitchell Vande Sompel
Last Minutes Defensive
Left WingCenterRight WingDefenseDefense
Matt CoronatoAlexander NylanderSteven FogartySeth HelgesonMitchell Vande Sompel
Time
Total ForwardTotal DefenseLast Minutes OffensiveLast Minutes Defensive
60:00 60:00 0:000:00
Extra Forwards
Normal PowerPlayPenalty Kill
Steven Fogarty, Alexander Nylander, Matt CoronatoTaro Hirose, Steven FogartySteven Fogarty
Extra Defensemen
Normal PowerPlayPenalty Kill
Seth Helgeson, Libor Hajek, Jakub GalvasSeth Helgeson, David FarranceMitchell Vande Sompel
Penalty Shots
Alexander Nylander, Matt Coronato, Steven Fogarty, Taro Hirose, Cole Cassels
Goalie
Hugo Alnefelt, Dennis Hildeby
Scratches
Dmitry Osipov (Healthy), John Moore (Healthy), Brandon Gignac (Right Knee Injury), Kody Clark (Healthy), Matthew Strome (Healthy) Brendan Warren (Healthy), Cameron Hillis (Healthy), Grigori Denisenko (Sports Hernia Injury), Hayden Hodgson (Healthy), Henri Nikkanen (Healthy) Hunter Jones (Healthy)

Marlies

5 vs 5 Forward
Line #Left WingCenterRight WingPHYDFOFWanted %Time %Time Play
1Brett SeneyNikita AlexandrovSaku Maenalanen1223029%13:25
2Greg McKeggDominic ToninatoJonah Gadjovich0232829%13:44
3Brett SutterBrad RichardsonFilip Cederqvist1222422%10:17
4Jaydon DureauKyle CriscuoloVille Koivunen1221820%9:37
5 vs 5 Defense
Line #DefenseDefensePHYDFOFWanted %Time %Time Play
1Ronnie AttardLassi Thomson1223737%17:12
2Alec RegulaDillon Heatherington1223334%15:49
3Ryan MerkleyAndy Welinski1223030%14:02
4Ronnie AttardLassi Thomson12200%0:00
Power Play Forward
Line #Left WingCenterRight WingPHYDFOFWanted %Time %Time Play
1Saku MaenalanenNikita AlexandrovJonah Gadjovich1226067%2:40
2Greg McKeggDominic ToninatoFilip Cederqvist1224033%1:18
Power Play Defense
Line #DefenseDefensePHYDFOFWanted %Time %Time Play
1Ronnie AttardLassi Thomson1226074%2:55
2Alec RegulaDillon Heatherington1224026%1:03
Penalty Kill 4 Players Forward
Line #CenterWingPHYDFOFWanted %Time %Time Play
1Brad RichardsonGreg McKegg1226078%7:00
2Dominic ToninatoSaku Maenalanen1224022%1:59
Penalty Kill 4 Players Defense
Line #DefenseDefensePHYDFOFWanted %Time %Time Play
1Ronnie AttardLassi Thomson1226062%5:36
2Alec RegulaDillon Heatherington1224038%3:23
Penalty Kill 3 Players
Line #WingPHYDFOFWanted %Time %Time PlayDefenseDefensePHYDFOFWanted %Time %Time Play
1Saku Maenalanen122600%0:00 Ronnie AttardLassi Thomson122600%0:00
2Nikita Alexandrov122400%0:00 Alec RegulaDillon Heatherington122400%0:00
4 vs 4 Forward
Line #CenterWingPHYDFOFWanted %Time %Time Play
1Nikita AlexandrovSaku Maenalanen122600%0:00
2Dominic ToninatoJonah Gadjovich122400%0:00
4 vs 4 Defense
Line #DefensePHYDFOFWanted %Time %Time Play
1Ronnie AttardLassi Thomson122600%0:00
2Alec RegulaDillon Heatherington122400%0:00
Last Minutes Offensive
Left WingCenterRight WingDefenseDefense
Saku MaenalanenDominic ToninatoJonah GadjovichRonnie AttardLassi Thomson
Last Minutes Defensive
Left WingCenterRight WingDefenseDefense
Saku MaenalanenDominic ToninatoJonah GadjovichRonnie AttardLassi Thomson
Time
Total ForwardTotal DefenseLast Minutes OffensiveLast Minutes Defensive
60:00 60:00 0:000:00
Extra Forwards
Normal PowerPlayPenalty Kill
Saku Maenalanen, Jonah Gadjovich, Dominic ToninatoNikita Alexandrov, Saku MaenalanenDominic Toninato
Extra Defensemen
Normal PowerPlayPenalty Kill
Ryan Merkley, Dillon Heatherington, Alec RegulaRyan Merkley, Dillon HeatheringtonAlec Regula
Penalty Shots
Saku Maenalanen, Jonah Gadjovich, Dominic Toninato, Nikita Alexandrov, Greg McKegg
Goalie
Jiri Patera, Arturs Silovs
Scratches
C.J. Smith (Healthy), Jermaine Loewen (Healthy), Michael Vukojevic (Healthy), Nick Albano (Healthy), Sean Josling (Healthy) Mitchell Heard (Healthy), Nolan Yaremko (Healthy), Tommy Miller (Healthy), Ty Glover (Healthy), Tyson Feist (Healthy) Pat Nagle (Healthy), Joel Blomqvist (Healthy), Victor Brattstrom (Healthy)


Play-by-Play

1st period


0:01 of 1st period - Nikita Alexandrov wins face-off versus Matt Coronato in neutral zone.
0:45 of 1st period - Icing by Mitchell Vande Sompel.
0:46 of 1st period - Alexander Nylander wins face-off versus Brad Richardson in Islanders zone.
0:46 of 1st period - Alexander Nylander is hit by Filip Cederqvist.
1:16 of 1st period - Steven Fogarty is hit by Kyle Criscuolo and loses puck.
3:24 of 1st period - Snap shot by Brett Seney.
3:24 of 1st period - Stopped by Hugo Alnefelt with a rebound.
4:03 of 1st period - Dillon Heatherington is hit by Ryan Schmelzer and loses puck.
5:09 of 1st period - Alexander Nylander is hit by Filip Cederqvist and loses puck.
5:32 of 1st period - Seth Helgeson is hit by Jonah Gadjovich and loses puck.
7:18 of 1st period - Icing by Ville Koivunen.
7:19 of 1st period - Dominic Toninato wins face-off versus Jackson Cates in Marlies zone.
7:28 of 1st period - Snap shot by Dominic Toninato.
7:28 of 1st period - Shot Blocked by Ryan Schmelzer.
7:30 of 1st period - Slapshot by Greg McKegg.
7:30 of 1st period - Shot Blocked by Mitchell Vande Sompel.
7:32 of 1st period - Slapshot by Alec Regula.
7:32 of 1st period - Shot Misses the Net.
8:19 of 1st period - Kyle Criscuolo is hit by Cedric Lacroix and loses puck.
8:38 of 1st period - Brent Gates Jr. is hit by Dominic Toninato and loses puck.
9:53 of 1st period - Snap shot by Kyle Criscuolo.
9:53 of 1st period - Shot Blocked by David Farrance.
10:05 of 1st period - Cole Cassels is hit by Nikita Alexandrov and loses puck.
10:09 of 1st period - Icing by Matt Coronato.
10:10 of 1st period - Nikita Alexandrov wins face-off versus Alexander Nylander in Islanders zone.
10:11 of 1st period - Wrist shot by Brett Seney.
10:11 of 1st period - Shot Blocked by Jack Dougherty.
10:13 of 1st period - Wrist shot by Saku Maenalanen.
10:13 of 1st period - Shot Blocked by Matt Coronato.
10:15 of 1st period - Slapshot by Dillon Heatherington.
10:15 of 1st period - Stopped by Hugo Alnefelt with a rebound.
10:21 of 1st period - Backhand shot by Nikita Alexandrov.
10:21 of 1st period - Stopped by Hugo Alnefelt with a rebound.
10:23 of 1st period - Snap shot by Nikita Alexandrov.
10:23 of 1st period - Stopped by Hugo Alnefelt without a rebound.
10:24 of 1st period - Steven Fogarty wins face-off versus Dominic Toninato in Islanders zone.
10:39 of 1st period - Slapshot by Jonah Gadjovich.
10:39 of 1st period - Shot Blocked by Steven Fogarty.
13:26 of 1st period - Jordy Bellerive is hit by Nikita Alexandrov and loses puck.
14:04 of 1st period - Ryan Schmelzer is hit by Alec Regula and loses puck.
14:38 of 1st period - Ryan Schmelzer is hit by Brett Seney.
14:56 of 1st period - Wrist shot by Jonah Gadjovich.
14:56 of 1st period - Deflect By Greg McKegg.
14:56 of 1st period - Stopped by Hugo Alnefelt with a rebound.
14:58 of 1st period - Snap shot by Jonah Gadjovich.
14:58 of 1st period - Shot Misses the Net.
15:40 of 1st period - Wrist shot by Kyle Criscuolo.
15:40 of 1st period - Stopped by Hugo Alnefelt with a rebound.
15:42 of 1st period - Slapshot by Kyle Criscuolo.
15:42 of 1st period - Deflect By Mitchell Vande Sompel.
15:42 of 1st period - Stopped by Hugo Alnefelt without a rebound.
15:43 of 1st period - Cole Cassels wins face-off versus Nikita Alexandrov in Islanders zone.
16:36 of 1st period - Brett Sutter is hit by Brent Gates Jr. and loses puck.
17:13 of 1st period - Libor Hajek is hit by Dominic Toninato.
17:17 of 1st period - Lassi Thomson is hit by Ryan Schmelzer and loses puck.
17:52 of 1st period - Slapshot by Ronnie Attard.
17:52 of 1st period - Stopped by Hugo Alnefelt with a rebound.
18:14 of 1st period - Slapshot by Filip Cederqvist.
18:14 of 1st period - Deflect By Brett Sutter.
18:14 of 1st period - Shot Blocked by Ryan Schmelzer.
18:14 of 1st period - Puck is out of play.
18:15 of 1st period - Brad Richardson wins face-off versus Alexander Nylander in Islanders zone.
18:20 of 1st period - Wrist shot by Brett Sutter.
18:20 of 1st period - Shot Misses the Net.
18:46 of 1st period - Nikita Alexandrov is hit by Tyler Madden and loses puck.
19:08 of 1st period - Snap shot by Greg McKegg.
19:08 of 1st period - Stopped by Hugo Alnefelt without a rebound.
19:09 of 1st period - Dominic Toninato wins face-off versus Cole Cassels in Islanders zone.
19:10 of 1st period - Wrist shot by Jonah Gadjovich.
19:10 of 1st period - Stopped by Hugo Alnefelt with a rebound.
19:17 of 1st period - Minor Penalty to Ryan Schmelzer for Hooking.
19:18 of 1st period - Nikita Alexandrov wins face-off versus Matt Coronato in Islanders zone.
19:24 of 1st period - Snap shot by Jonah Gadjovich.
19:24 of 1st period - Shot Misses the Net.
19:26 of 1st period - Snap shot by Ronnie Attard.
19:26 of 1st period - Stopped by Hugo Alnefelt without a rebound.
19:27 of 1st period - Nikita Alexandrov wins face-off versus Matt Coronato in Islanders zone.
Goals for this period are 0 for Islanders vs 0 for Marlies.
Shots for this period are 0 for Islanders vs 11 for Marlies.

2nd period


0:01 of 2nd period - Nikita Alexandrov wins face-off versus Matt Coronato in neutral zone.
0:08 of 2nd period - Snap shot by Nikita Alexandrov.
0:08 of 2nd period - Stopped by Hugo Alnefelt with a rebound.
0:38 of 2nd period - Wrist shot by Dominic Toninato.
0:38 of 2nd period - Shot Blocked by Steven Fogarty.
1:17 of 2nd period - Penalty to Ryan Schmelzer is over, Ryan Schmelzer is back on ice.
1:45 of 2nd period - Snap shot by Filip Cederqvist.
1:45 of 2nd period - Shot Misses the Net.
1:47 of 2nd period - Slapshot by Andy Welinski.
1:47 of 2nd period - Shot Misses the Net.
1:49 of 2nd period - Slapshot by Ryan Merkley.
1:49 of 2nd period - Shot Blocked by David Farrance.
2:58 of 2nd period - Icing by Mitchell Vande Sompel.
2:59 of 2nd period - Brad Richardson wins face-off versus Cole Cassels in Islanders zone.
3:22 of 2nd period - Alexander Nylander is hit by Saku Maenalanen and loses puck.
4:11 of 2nd period - Snap shot by Jaydon Dureau.
4:11 of 2nd period - Shot Blocked by Jordy Bellerive.
4:13 of 2nd period - Slapshot by Andy Welinski.
4:13 of 2nd period - Stopped by Hugo Alnefelt with a rebound.
4:15 of 2nd period - Slapshot by Jaydon Dureau.
4:15 of 2nd period - Goal by Jaydon Dureau - Islanders : 0 - Marlies : 1.
4:16 of 2nd period - Alexander Nylander wins face-off versus Nikita Alexandrov in neutral zone.
4:19 of 2nd period - Wrist shot by David Farrance.
4:19 of 2nd period - Shot Misses the Net.
4:27 of 2nd period - Slapshot by Ronnie Attard.
4:27 of 2nd period - Stopped by Hugo Alnefelt without a rebound.
4:28 of 2nd period - Dominic Toninato wins face-off versus Alexander Nylander in Islanders zone.
4:35 of 2nd period - Dominic Toninato is hit by Alexander Nylander and loses puck.
4:40 of 2nd period - Snap shot by Alexander Nylander.
4:40 of 2nd period - Shot Misses the Net.
5:09 of 2nd period - Slapshot by Brett Sutter.
5:09 of 2nd period - Shot Misses the Net.
5:11 of 2nd period - Snap shot by Brett Sutter.
5:11 of 2nd period - Shot Blocked by Jakub Galvas.
5:13 of 2nd period - Snap shot by Brett Sutter.
5:13 of 2nd period - Stopped by Hugo Alnefelt with a rebound.
5:15 of 2nd period - Slapshot by Alec Regula.
5:15 of 2nd period - Marlies goal is going for a video replay.
5:15 of 2nd period - The goal is good.
5:15 of 2nd period - Goal by Alec Regula - Islanders : 0 - Marlies : 2.
5:16 of 2nd period - Dominic Toninato wins face-off versus Alexander Nylander in neutral zone.
6:01 of 2nd period - Off-side.
6:02 of 2nd period - Brad Richardson wins face-off versus Brent Gates Jr. in neutral zone.
6:15 of 2nd period - Wrist shot by Brett Sutter.
6:15 of 2nd period - Deflect By Filip Cederqvist.
6:15 of 2nd period - Stopped by Hugo Alnefelt with a rebound.
6:17 of 2nd period - Wrist shot by Filip Cederqvist.
6:17 of 2nd period - Stopped by Hugo Alnefelt with a rebound.
6:19 of 2nd period - Snap shot by Filip Cederqvist.
6:19 of 2nd period - Stopped by Hugo Alnefelt without a rebound.
6:20 of 2nd period - Alexander Nylander wins face-off versus Nikita Alexandrov in Islanders zone.
6:31 of 2nd period - Slapshot by Steven Fogarty.
6:31 of 2nd period - Deflect By Alexander Nylander.
6:31 of 2nd period - Shot Blocked by Alec Regula.
6:31 of 2nd period - Puck is out of play.
6:32 of 2nd period - Dominic Toninato wins face-off versus Alexander Nylander in Marlies zone.
6:32 of 2nd period - Dominic Toninato is hit by Matt Coronato.
6:41 of 2nd period - Libor Hajek beats up Alec Regula.
6:41 of 2nd period - Penalty to Alec Regula for Fighting.
6:41 of 2nd period - Penalty to Libor Hajek for Fighting.
6:41 of 2nd period - Penalty to Alec Regula for instigated a fight.
6:41 of 2nd period - Penalty to Alec Regula for instigated a fight.
6:42 of 2nd period - Brad Richardson wins face-off versus Alexander Nylander in Islanders zone.
6:51 of 2nd period - Slapshot by Steven Fogarty.
6:51 of 2nd period - Stopped by Jiri Patera with a rebound.
6:53 of 2nd period - Slapshot by Seth Helgeson.
6:53 of 2nd period - Shot Misses the Net.
6:55 of 2nd period - Snap shot by Mitchell Vande Sompel.
6:55 of 2nd period - Shot Misses the Net.
6:57 of 2nd period - Backhand shot by Seth Helgeson.
6:57 of 2nd period - Stopped by Jiri Patera with a rebound.
8:41 of 2nd period - Penalty to Alec Regula is over, Filip Cederqvist is send on ice.
9:01 of 2nd period - Cole Cassels is hit by Ville Koivunen and loses puck.
10:20 of 2nd period - Slapshot by Lassi Thomson.
10:20 of 2nd period - Shot Misses the Net.
11:15 of 2nd period - Tyler Madden is hit by Dillon Heatherington and loses puck.
11:50 of 2nd period - Minor Penalty to Kyle Criscuolo for Hooking.
11:51 of 2nd period - Brad Richardson wins face-off versus Alexander Nylander in Marlies zone.
12:17 of 2nd period - Andy Welinski is hit by Steven Fogarty and loses puck.
13:00 of 2nd period - Lassi Thomson is hit by Cole Cassels and loses puck.
13:50 of 2nd period - Penalty to Kyle Criscuolo is over, Kyle Criscuolo is back on ice.
14:20 of 2nd period - Taro Hirose is hit by Brad Richardson and loses puck.
14:59 of 2nd period - Jordy Bellerive is hit by Jonah Gadjovich and loses puck.
15:16 of 2nd period - Slapshot by Jordy Bellerive.
15:16 of 2nd period - Stopped by Jiri Patera without a rebound.
15:17 of 2nd period - Kyle Criscuolo wins face-off versus Alexander Nylander in Marlies zone.
15:27 of 2nd period - Matt Coronato is hit by Dillon Heatherington and loses puck.
16:14 of 2nd period - Minor Penalty to Brett Sutter for Holding.
16:15 of 2nd period - Brad Richardson wins face-off versus Alexander Nylander in Marlies zone.
16:48 of 2nd period - Steven Fogarty is hit by Dillon Heatherington.
17:17 of 2nd period - Icing by Brent Gates Jr..
17:18 of 2nd period - Brad Richardson wins face-off versus Brent Gates Jr. in Islanders zone.
17:49 of 2nd period - Mitchell Vande Sompel is hit by Lassi Thomson and loses puck.
18:14 of 2nd period - Penalty to Brett Sutter is over, Brett Sutter is back on ice.
18:36 of 2nd period - Slapshot by Dillon Heatherington.
18:36 of 2nd period - Stopped by Hugo Alnefelt without a rebound.
18:37 of 2nd period - Nikita Alexandrov wins face-off versus Jordy Bellerive in Islanders zone.
19:08 of 2nd period - Snap shot by Lassi Thomson.
19:08 of 2nd period - Stopped by Hugo Alnefelt with a rebound.
19:26 of 2nd period - Wrist shot by Tyler Madden.
19:26 of 2nd period - Stopped by Jiri Patera without a rebound.
19:27 of 2nd period - Brad Richardson wins face-off versus Brent Gates Jr. in Marlies zone.
19:34 of 2nd period - Slapshot by Filip Cederqvist.
19:34 of 2nd period - Stopped by Hugo Alnefelt without a rebound.
19:35 of 2nd period - Steven Fogarty wins face-off versus Dominic Toninato in Islanders zone.
Goals for this period are 0 for Islanders vs 2 for Marlies.
Shots for this period are 4 for Islanders vs 12 for Marlies.

3rd period


0:01 of 3rd period - Alexander Nylander wins face-off versus Nikita Alexandrov in neutral zone.
0:08 of 3rd period - Snap shot by Saku Maenalanen.
0:08 of 3rd period - Shot Blocked by Mitchell Vande Sompel.
0:11 of 3rd period - Brett Seney beats up Steven Fogarty.
0:11 of 3rd period - Penalty to Brett Seney for Fighting.
0:11 of 3rd period - Penalty to Steven Fogarty for Fighting.
0:12 of 3rd period - Dominic Toninato wins face-off versus Alexander Nylander in Islanders zone.
0:22 of 3rd period - Icing by David Farrance.
0:23 of 3rd period - Alexander Nylander wins face-off versus Nikita Alexandrov in Islanders zone.
0:30 of 3rd period - Slapshot by Saku Maenalanen.
0:30 of 3rd period - Stopped by Hugo Alnefelt with a rebound.
0:44 of 3rd period - Slapshot by Alexander Nylander.
0:44 of 3rd period - Deflect By Matt Coronato.
0:44 of 3rd period - Stopped by Jiri Patera without a rebound.
0:45 of 3rd period - Brad Richardson wins face-off versus Alexander Nylander in Marlies zone.
1:00 of 3rd period - Brad Richardson is hit by Taro Hirose and loses puck.
1:11 of 3rd period - Matt Coronato is hit by Dominic Toninato and loses puck.
1:40 of 3rd period - David Farrance is hit by Lassi Thomson and loses puck.
1:41 of 3rd period - 10 Minutes Misconduct Penalty to Alec Regula is over.
2:15 of 3rd period - Filip Cederqvist is hit by Brent Gates Jr..
2:49 of 3rd period - Slapshot by Kyle Criscuolo.
2:49 of 3rd period - Goal by Kyle Criscuolo - Islanders : 0 - Marlies : 3.
2:50 of 3rd period - Dominic Toninato wins face-off versus Alexander Nylander in neutral zone.
3:03 of 3rd period - Snap shot by Jonah Gadjovich.
3:03 of 3rd period - Stopped by Hugo Alnefelt with a rebound.
3:05 of 3rd period - Slapshot by Lassi Thomson.
3:05 of 3rd period - Stopped by Hugo Alnefelt with a rebound.
3:33 of 3rd period - Snap shot by Brett Sutter.
3:33 of 3rd period - Shot Blocked by Cole Cassels.
3:35 of 3rd period - Snap shot by Filip Cederqvist.
3:35 of 3rd period - Stopped by Hugo Alnefelt with a rebound.
5:04 of 3rd period - Slapshot by Alexander Nylander.
5:04 of 3rd period - Shot Misses the Net.
5:23 of 3rd period - Snap shot by Saku Maenalanen.
5:23 of 3rd period - Deflect By Steven Fogarty.
5:23 of 3rd period - Shot Misses the Net.
5:23 of 3rd period - Puck is out of play.
5:24 of 3rd period - Steven Fogarty wins face-off versus Nikita Alexandrov in Islanders zone.
5:31 of 3rd period - Wrist shot by Jack Dougherty.
5:31 of 3rd period - Stopped by Jiri Patera without a rebound.
5:32 of 3rd period - Alexander Nylander wins face-off versus Greg McKegg in Marlies zone.
5:33 of 3rd period - Wrist shot by Steven Fogarty.
5:33 of 3rd period - Shot Blocked by Andy Welinski.
5:35 of 3rd period - Slapshot by Seth Helgeson.
5:35 of 3rd period - Stopped by Jiri Patera without a rebound.
5:36 of 3rd period - Alexander Nylander wins face-off versus Dominic Toninato in Marlies zone.
5:45 of 3rd period - Wrist shot by Alexander Nylander.
5:45 of 3rd period - Stopped by Jiri Patera without a rebound.
5:46 of 3rd period - Alexander Nylander wins face-off versus Dominic Toninato in Marlies zone.
5:47 of 3rd period - Wrist shot by Steven Fogarty.
5:47 of 3rd period - Shot Blocked by Ryan Merkley.
5:57 of 3rd period - Snap shot by Jonah Gadjovich.
5:57 of 3rd period - Shot Misses the Net.
5:59 of 3rd period - Wrist shot by Dominic Toninato.
5:59 of 3rd period - Shot Misses the Net.
6:13 of 3rd period - Brad Richardson is hit by Steven Fogarty.
6:17 of 3rd period - Wrist shot by Taro Hirose.
6:17 of 3rd period - Deflect By Cole Cassels.
6:17 of 3rd period - Shot Misses the Net.
6:17 of 3rd period - Puck is out of play.
6:18 of 3rd period - Steven Fogarty wins face-off versus Filip Cederqvist in Marlies zone.
6:34 of 3rd period - Minor Penalty to Lassi Thomson for Hooking.
6:35 of 3rd period - Brad Richardson wins face-off versus Alexander Nylander in Marlies zone.
8:26 of 3rd period - Dillon Heatherington is hit by Cole Cassels.
8:34 of 3rd period - Penalty to Lassi Thomson is over, Lassi Thomson is back on ice.
8:44 of 3rd period - Slapshot by Ryan Merkley.
8:44 of 3rd period - Goal by Ryan Merkley - Islanders : 0 - Marlies : 4.
8:45 of 3rd period - Steven Fogarty wins face-off versus Dominic Toninato in neutral zone.
8:52 of 3rd period - Snap shot by David Farrance.
8:52 of 3rd period - Stopped by Jiri Patera without a rebound.
8:53 of 3rd period - Dominic Toninato wins face-off versus Steven Fogarty in Marlies zone.
9:20 of 3rd period - Wrist shot by Steven Fogarty.
9:20 of 3rd period - Shot Blocked by Andy Welinski.
9:22 of 3rd period - Wrist shot by Cole Cassels.
9:22 of 3rd period - Goal by Cole Cassels - Islanders : 1 - Marlies : 4.
9:23 of 3rd period - Saku Maenalanen wins face-off versus Alexander Nylander in neutral zone.
9:34 of 3rd period - Snap shot by Alexander Nylander.
9:34 of 3rd period - Deflect By Steven Fogarty.
9:34 of 3rd period - Stopped by Jiri Patera without a rebound.
9:35 of 3rd period - Alexander Nylander wins face-off versus Nikita Alexandrov in Marlies zone.
10:00 of 3rd period - Mitchell Vande Sompel is hit by Greg McKegg and loses puck.
10:23 of 3rd period - Taro Hirose is hit by Brett Sutter and loses puck.
10:48 of 3rd period - Wrist shot by Jaydon Dureau.
10:48 of 3rd period - Stopped by Hugo Alnefelt with a rebound.
10:50 of 3rd period - Snap shot by Kyle Criscuolo.
10:50 of 3rd period - Deflect By Jaydon Dureau.
10:50 of 3rd period - Shot Blocked by Jakub Galvas.
10:50 of 3rd period - Puck is out of play.
10:51 of 3rd period - Ryan Schmelzer wins face-off versus Saku Maenalanen in Islanders zone.
11:00 of 3rd period - Snap shot by Saku Maenalanen.
11:00 of 3rd period - Shot Misses the Net.
11:02 of 3rd period - Snap shot by Nikita Alexandrov.
11:02 of 3rd period - Stopped by Hugo Alnefelt with a rebound.
11:04 of 3rd period - Snap shot by Brett Seney.
11:04 of 3rd period - Stopped by Hugo Alnefelt with a rebound.
11:06 of 3rd period - Snap shot by Ronnie Attard.
11:06 of 3rd period - Stopped by Hugo Alnefelt without a rebound.
11:07 of 3rd period - Alexander Nylander wins face-off versus Dominic Toninato in Islanders zone.
11:07 of 3rd period - Alexander Nylander is hit by Lassi Thomson.
11:15 of 3rd period - Ronnie Attard is hit by Steven Fogarty and loses puck.
11:56 of 3rd period - Off-side.
11:57 of 3rd period - Alexander Nylander wins face-off versus Dominic Toninato in neutral zone.
12:19 of 3rd period - Wrist shot by Brett Seney.
12:19 of 3rd period - Stopped by Hugo Alnefelt without a rebound.
12:20 of 3rd period - Nikita Alexandrov wins face-off versus Alexander Nylander in Islanders zone.
12:33 of 3rd period - Wrist shot by Brett Seney.
12:33 of 3rd period - Shot Misses the Net.
12:35 of 3rd period - Slapshot by Alec Regula.
12:35 of 3rd period - Stopped by Hugo Alnefelt without a rebound.
12:36 of 3rd period - Dominic Toninato wins face-off versus Alexander Nylander in Islanders zone.
13:33 of 3rd period - Snap shot by Tyler Madden.
13:33 of 3rd period - Shot Misses the Net.
13:35 of 3rd period - Snap shot by Seth Helgeson.
13:35 of 3rd period - Goal by Seth Helgeson - Islanders : 2 - Marlies : 4.
13:36 of 3rd period - Dominic Toninato wins face-off versus Alexander Nylander in neutral zone.
13:41 of 3rd period - Snap shot by Jonah Gadjovich.
13:41 of 3rd period - Deflect By Steven Fogarty.
13:41 of 3rd period - Stopped by Hugo Alnefelt with a rebound.
13:49 of 3rd period - Slapshot by Jonah Gadjovich.
13:49 of 3rd period - Shot Misses the Net.
14:01 of 3rd period - Cole Cassels is hit by Ronnie Attard and loses puck.
14:08 of 3rd period - Snap shot by Brett Seney.
14:08 of 3rd period - Shot Misses the Net.
14:10 of 3rd period - Slapshot by Ryan Merkley.
14:10 of 3rd period - Deflect By Mitchell Vande Sompel.
14:10 of 3rd period - Stopped by Hugo Alnefelt without a rebound.
14:11 of 3rd period - Brad Richardson wins face-off versus Alexander Nylander in Islanders zone.
14:12 of 3rd period - Slapshot by Brett Sutter.
14:12 of 3rd period - Stopped by Hugo Alnefelt without a rebound.
14:13 of 3rd period - Nikita Alexandrov wins face-off versus Alexander Nylander in Islanders zone.
14:19 of 3rd period - Minor Penalty to Steven Fogarty for Hooking.
14:20 of 3rd period - Nikita Alexandrov wins face-off versus Matt Coronato in Islanders zone.
14:24 of 3rd period - Wrist shot by Jonah Gadjovich.
14:24 of 3rd period - Stopped by Hugo Alnefelt with a rebound.
14:26 of 3rd period - Slapshot by Lassi Thomson.
14:26 of 3rd period - Stopped by Hugo Alnefelt without a rebound.
14:27 of 3rd period - Matt Coronato wins face-off versus Nikita Alexandrov in Islanders zone.
14:40 of 3rd period - Slapshot by Saku Maenalanen.
14:40 of 3rd period - Shot Misses the Net.
14:42 of 3rd period - Slapshot by Ronnie Attard.
14:42 of 3rd period - Stopped by Hugo Alnefelt without a rebound.
14:43 of 3rd period - Nikita Alexandrov wins face-off versus Matt Coronato in Islanders zone.
15:34 of 3rd period - Brent Gates Jr. is hit by Jonah Gadjovich and loses puck.
16:19 of 3rd period - Penalty to Steven Fogarty is over, Steven Fogarty is back on ice.
16:32 of 3rd period - Seth Helgeson is hit by Kyle Criscuolo and loses puck.
18:19 of 3rd period - Snap shot by Jaydon Dureau.
18:19 of 3rd period - Stopped by Hugo Alnefelt with a rebound.
18:56 of 3rd period - Double Minor Penalty to Brad Richardson for High sticking.
18:57 of 3rd period - Alexander Nylander wins face-off versus Dominic Toninato in Marlies zone.
19:00 of 3rd period - Snap shot by Matt Coronato.
19:00 of 3rd period - Stopped by Jiri Patera without a rebound.
19:01 of 3rd period - Dominic Toninato wins face-off versus Matt Coronato in Marlies zone.
19:12 of 3rd period - Slapshot by Matt Coronato.
19:12 of 3rd period - Shot Blocked by Alec Regula.
19:14 of 3rd period - Snap shot by Matt Coronato.
19:14 of 3rd period - Shot Misses the Net.
Goals for this period are 2 for Islanders vs 2 for Marlies.
Shots for this period are 9 for Islanders vs 19 for Marlies.